 Dungeon Crawl Stone Soup version 0.27.1-3-gb3d3a73c9e (webtiles) character file.

Game seed: 55906466235801699

19943 Crownlay the Frost Mage (level 12, -2/91 HPs)
             Began as a Gnoll Ice Elementalist on Oct 17, 2021.
             Was a Believer of Uskayaw.
             Slain by a death yak simulacrum (14 damage)
             ... in an ice cave.
             The game lasted 00:27:49 (11698 turns).

Crownlay the Frost Mage (Gnoll Ice Elementalist)   Turns: 11698, Time: 00:27:49

Health: -2/91      AC: 19    Str:  8    XL:     12   Next: 74%
Magic:  6/25       EV: 16    Int: 19    God:    Uskayaw [**....]
Gold:   435        SH:  0    Dex: 17    Spells: 18/29 levels left

rFire    . . .     SeeInvis +   L - +6 dagger
rCold    . . .     Faith    .   (no shield)
rNeg     . . .     Spirit   .   x - +1 leather armour "Ymoneode" {rElec Will+ Regen+ Dex+4}
rPois    .         Reflect  .   j - +0 helmet
rElec    +         Harm     .   (no cloak)
rCorr    .         Rampage  .   n - +2 pair of gloves
Will     +....                  k - +2 pair of boots
Stlth    ++++......             b - amulet of regeneration
HPRegen  2.25/turn              c - ring of see invisible
MPRegen  0.19/turn              a - ring of wizardry

@: mighty, ice-armoured, freezing walls
A: fangs 1, strong nose, distributed training
a: Renounce Religion, Stomp, Line Pass


You were in an ice cave.
You worshipped Uskayaw.
Uskayaw was aware of your devotion.
You visited 2 branches of the dungeon, and saw 14 of its levels.
You also visited: Ice Cave.

You collected 523 gold pieces.
You spent 88 gold pieces at shops.

Inventory:

Hand Weapons
 L - a +6 dagger (weapon)
Missiles
 w - 2 throwing nets
 H - 3 curare-tipped darts
Armour
 j - a +0 helmet (worn)
 k - a +2 pair of boots (worn)
 n - a +2 pair of gloves (worn)
 x - the +1 leather armour "Ymoneode" (worn) {rElec Will+ Regen+ Dex+4}
   (You found it on level 4 of the Dungeon)

   Dex:       It affects your dexterity (+4).
   rElec:     It insulates you from electricity.
   Regen:     It increases your rate of health regeneration.
   Will:      It increases your willpower.
Magical Staves
 z - a staff of cold
Jewellery
 a - a ring of wizardry (right hand)
 b - an amulet of regeneration (around neck)
 c - a ring of see invisible (left hand)
 F - a +6 ring of intelligence
Wands
 e - a wand of charming (16)
 q - a wand of acid (12)
 y - a wand of mindburst (13)
 D - a wand of polymorph (11)
 I - a wand of flame (18)
 J - a wand of iceblast (2)
Scrolls
 f - a scroll of enchant armour
 h - a scroll of vulnerability {unknown}
 m - 3 scrolls of noise
 o - a scroll of torment {unknown}
 p - a scroll of immolation {unknown}
 t - 6 scrolls of teleportation
 C - 2 scrolls of amnesia
 M - a scroll of blinking {unknown}
Potions
 d - a potion of cancellation {unknown}
 i - 3 potions of brilliance
 l - 2 potions of haste
 r - a potion of invisibility {unknown}
 s - a potion of magic {unknown}
 u - 3 potions of mutation
 v - a potion of ambrosia {unknown}
 B - 4 potions of curing
 E - a potion of flight {unknown}
 G - 3 potions of might


   Skills:
 + Level 7.6 Fighting
 + Level 7.6 Short Blades
 + Level 7.6 Long Blades
 + Level 7.6 Axes
 + Level 7.6 Maces & Flails
 + Level 7.6 Polearms
 + Level 7.6 Staves
 + Level 7.6 Slings
 + Level 7.6 Bows
 + Level 7.6 Crossbows
 + Level 7.6 Throwing
 + Level 7.6 Armour
 + Level 8.9 Dodging
 + Level 8.7 Stealth
 + Level 7.6 Shields
 + Level 7.6 Unarmed Combat
 + Level 9.1 Spellcasting
 + Level 6.3 Conjurations
 + Level 6.3 Hexes
 + Level 6.3 Summonings
 + Level 6.3 Necromancy
 + Level 6.3 Translocations
 + Level 6.3 Transmutations
 + Level 6.3 Fire Magic
 + Level 9.5 Ice Magic
 + Level 6.3 Air Magic
 + Level 6.3 Earth Magic
 + Level 6.3 Poison Magic
 + Level 8.3 Invocations
 + Level 7.6 Evocations


You had 18 spell levels left.
You knew the following spells:

 Your Spells              Type           Power      Damage    Failure   Level
a - Freeze                Ice            100%       1d11      1%          1
b - Frozen Ramparts       Ice            90%        1d11      1%          3
c - Ozocubu's Armour      Ice            45%        N/A       1%          3
d - Hailstorm             Conj/Ice       38%        3d9       1%          4

Your spell library contained the following spells:

 Spells                   Type           Power      Damage    Failure   Level
 Ensorcelled Hibernation  Hex/Ice        76%        N/A       1%          2
 Spider Form              Tmut/Pois      16%        N/A       1%          3
 Shadow Creatures         Summ           N/A        N/A       43%         6


Dungeon Overview and Level Annotations

Branches:
Dungeon (13/15)            Temple (1/1) D:7            Lair (0/6) D:10
    Orc (0/2) D:11          IceCv (1/1)
 Vaults: D:13-14

Altars:
Elyvilon
Fedhas
Gozag
Hepliaklqana
Makhleb
Nemelex Xobeh
Okawaru
Qazlal
Sif Muna
Trog
Uskayaw
Vehumet
Wu Jian
Xom
Yredelemnul
Zin
Jiyva

Shops:
D:2 !   D:5 !   D:8 ![:=

Annotations:
D:12 2 transporters, Vazeyti's ghost, journeyman TrMo


Innate Abilities, Weirdness & Mutations

You have very sharp teeth.
Your uncanny sense of smell can sniff out nearby items.
Your experience applies equally to all skills.


Message History

The cane toad simulacrum is almost destroyed.
The cane toad simulacrum closely misses you.
You hit the cane toad simulacrum. You punch the cane toad simulacrum.
The cane toad simulacrum vaporises!
The death yak simulacrum gores you. The death yak simulacrum freezes you!!!
* * * LOW HITPOINT WARNING * * *
You can now pass through a line of other dancers.
You are too injured to fight recklessly!
You are too injured to fight recklessly!
Casting: Ozocubu's Armour (safe; 1% risk of failure)
Confirm with . or Enter, or press ? or * to list all spells.
Casting: Frozen Ramparts (safe; 1% risk of failure)
Press: ? - help, Dir - look around, f - activate The walls around you are covered in ice.
The wolf simulacrum completely resists.
The wall freezes the wolf simulacrum but does no damage.
The wolf simulacrum completely resists.
The wall freezes the wolf simulacrum but does no damage.
The wolf simulacrum barely misses you.
You are too injured to fight recklessly!
You are too injured to fight recklessly!
You feel very mighty all of a sudden.
The death yak simulacrum completely resists.
The wall freezes the death yak simulacrum but does no damage.
The death yak simulacrum gores you but does no damage.
The wolf simulacrum completely resists.
The wall freezes the wolf simulacrum but does no damage.
The wolf simulacrum misses you.
You closely miss the wolf simulacrum.
The wolf simulacrum completely resists.
The wall freezes the wolf simulacrum but does no damage.
The wolf simulacrum bites you.
* * * LOW HITPOINT WARNING * * *
The wolf simulacrum freezes you.
* * * LOW HITPOINT WARNING * * *
The death yak simulacrum completely resists.
The wall freezes the death yak simulacrum but does no damage.
The death yak simulacrum gores you!
* * * LOW HITPOINT WARNING * * *
The death yak simulacrum freezes you!
You die...

#### ##
##@.##
##.Z##ZZ..##
#.Z........#
.......∩.∩.#
..##.......#
. ###....##
##..## ####


You could see a wolf simulacrum and a death yak simulacrum.

Vanquished Creatures
  The ghost of MajorAdolf the Covert, a journeyman NaWn of Gozag (D:11)
  A hydra (D:13)
  2 dancing weapons (D:13)
  6 two-headed ogres
  2 ugly things
  A deep elf zephyrmancer (D:6)
  2 deep elf pyromancers
  A manticore (D:13)
  2 slime creatures (D:11)
  A cyclops (D:12)
  An unseen horror (D:12)
  Maggie (D:6)
  3 trolls
  Grinder (D:6)
  Prince Ribbit (D:5)
  A meliai zombie (D:11)
  2 shadows (D:12)
  6 yaks (D:10)
  A wyvern (D:9)
  4 wraiths
  A steam dragon (D:10)
  2 wargs (D:10)
  An acid dragon (D:10)
  A water moccasin (D:7)
  An ice beast (D:4)
  A hornet zombie (D:7)
  8 orc warriors
  2 sky beasts
  A black bear (D:4)
  2 necrophages
  2 ogres
  9 centaurs
  A phantom (D:4)
  5 kobold brigands
  3 bullfrogs
  A cane toad simulacrum (IceCv)
  A wyvern zombie (D:6)
  3 wights (D:9)
  6 killer bees (D:10)
  3 howler monkeys
  2 bullfrog zombies
  A bullfrog skeleton (D:6)
  3 centaur zombies
  4 jellies (D:11)
  3 hounds
  11 orc priests
  An iguana (D:6)
  21 orc wizards
  A killer bee zombie (D:6)
  A hound skeleton (D:4)
  Robin (D:3)
  5 gnolls (D:4)
  12 adders
  2 shadow imps
  13 white imps
  An ufetubus (D:4)
  3 adder skeletons (D:4)
  3 worms
  3 dart slugs
  42 orcs
  7 ball pythons
  4 bats
  7 endoplasms
  3 giant cockroaches
  13 goblins
  7 hobgoblins
  4 jackals (D:3)
  A quokka (D:1)
  3 frilled lizards
  32 kobolds
  5 rats
313 creatures vanquished.

Vanquished Creatures (others)
  A jelly (D:11)
  30 plants (D:3)
31 creatures vanquished.

Grand Total: 344 creatures vanquished

Notes
Turn   | Place    | Note
-------+----------+-------------------------------------------
     0 | D:1      | Crownlay the Gnoll Ice Elementalist began the quest for the
                  | Orb.
     0 | D:1      | Reached XP level 1. HP: 13/13 MP: 6/6
   164 | D:1      | Found a faded altar of an unknown god.
   307 | D:1      | Reached XP level 2. HP: 19/19 MP: 7/7
   922 | D:2      | Reached XP level 3. HP: 25/25 MP: 9/9
   926 | D:2      | Learned a level 3 spell: Frozen Ramparts
   930 | D:2      | Learned a level 3 spell: Ozocubu's Armour
   962 | D:2      | Reached skill level 5 in Spellcasting
  1036 | D:2      | Reached skill level 1 in Invocations
  1128 | D:2      | Reached skill level 1 in Fighting
  1128 | D:2      | Reached skill level 1 in Short Blades
  1128 | D:2      | Reached skill level 1 in Long Blades
  1128 | D:2      | Reached skill level 1 in Axes
  1128 | D:2      | Reached skill level 1 in Maces & Flails
  1128 | D:2      | Reached skill level 1 in Polearms
  1128 | D:2      | Reached skill level 1 in Staves
  1128 | D:2      | Reached skill level 1 in Slings
  1128 | D:2      | Reached skill level 1 in Bows
  1128 | D:2      | Reached skill level 1 in Crossbows
  1128 | D:2      | Reached skill level 1 in Throwing
  1128 | D:2      | Reached skill level 1 in Armour
  1128 | D:2      | Reached skill level 1 in Shields
  1128 | D:2      | Reached skill level 1 in Unarmed Combat
  1128 | D:2      | Reached skill level 1 in Evocations
  1399 | D:2      | Found Casycroh's Distillery.
  1679 | D:3      | Reached XP level 4. HP: 32/32 MP: 11/11
  1765 | D:3      | Reached skill level 1 in Conjurations
  1765 | D:3      | Reached skill level 1 in Hexes
  1765 | D:3      | Reached skill level 1 in Summonings
  1765 | D:3      | Reached skill level 1 in Necromancy
  1765 | D:3      | Reached skill level 1 in Translocations
  1765 | D:3      | Reached skill level 1 in Transmutations
  1765 | D:3      | Reached skill level 1 in Fire Magic
  1765 | D:3      | Reached skill level 1 in Air Magic
  1765 | D:3      | Reached skill level 1 in Earth Magic
  1765 | D:3      | Reached skill level 1 in Poison Magic
  2056 | D:3      | Reached XP level 5. HP: 37/37 MP: 8/12
  2306 | D:4      | Noticed Robin
  2350 | D:3      | Killed Robin
  2647 | D:4      | Reached XP level 6. HP: 44/44 MP: 13/13
  2700 | D:4      | Reached skill level 5 in Dodging
  2770 | D:4      | Noticed a black bear
  2783 | D:4      | Killed a black bear
  2784 | D:4      | Reached XP level 7. HP: 32/50 MP: 10/15
  3266 | D:4      | Identified the +1 leather armour "Ymoneode" {rElec Will+
                  | Regen+ Dex+4}
  3332 | D:5      | Entered Level 5 of the Dungeon
  3383 | D:5      | Noticed Prince Ribbit
  3391 | D:5      | Killed Prince Ribbit
  3392 | D:5      | Reached skill level 5 in Stealth
  3392 | D:5      | Reached XP level 8. HP: 55/57 MP: 10/16
  3942 | D:5      | Learned a level 4 spell: Hailstorm
  3953 | D:5      | Found Vepoygont's Distillery.
  3965 | D:5      | Bought a potion of heal wounds for 55 gold pieces
  3965 | D:5      | Bought a potion of curing for 33 gold pieces
  4140 | D:5      | Found a blossoming altar of Fedhas.
  4820 | D:6      | Noticed Grinder
  4831 | D:6      | Paralysed by Grinder for 5 turns
  4845 | D:6      | Killed Grinder
  4868 | D:6      | Noticed Maggie
  4882 | D:6      | Killed Maggie
  4883 | D:6      | Reached XP level 9. HP: 63/65 MP: 2/18
  5199 | D:6      | Noticed a deep elf zephyrmancer
  5210 | D:6      | Killed a deep elf zephyrmancer
  5909 | D:7      | Found a staircase to the Ecumenical Temple.
  5923 | Temple   | Entered the Ecumenical Temple
  5940 | Temple   | Became a worshipper of Uskayaw the Reveller
  6006 | D:7      | Reached * piety under Uskayaw
  6008 | D:7      | Reached ** piety under Uskayaw
  6009 | D:7      | Reached skill level 5 in Invocations
  6267 | D:8      | Noticed a two-headed ogre
  6268 | D:8      | Found Yzxaurhu's Armour Shop.
  6272 | D:8      | Reached *** piety under Uskayaw
  6274 | D:8      | Reached **** piety under Uskayaw
  6275 | D:8      | Killed a two-headed ogre
  6276 | D:8      | Reached XP level 10. HP: 57/73 MP: 14/20
  6277 | D:8      | Reached ***** piety under Uskayaw
  6278 | D:8      | Reached skill level 5 in Fighting
  6278 | D:8      | Reached skill level 5 in Short Blades
  6278 | D:8      | Reached skill level 5 in Long Blades
  6278 | D:8      | Reached skill level 5 in Axes
  6278 | D:8      | Reached skill level 5 in Maces & Flails
  6278 | D:8      | Reached skill level 5 in Polearms
  6278 | D:8      | Reached skill level 5 in Staves
  6278 | D:8      | Reached skill level 5 in Slings
  6278 | D:8      | Reached skill level 5 in Bows
  6278 | D:8      | Reached skill level 5 in Crossbows
  6278 | D:8      | Reached skill level 5 in Throwing
  6278 | D:8      | Reached skill level 5 in Armour
  6278 | D:8      | Reached skill level 5 in Shields
  6278 | D:8      | Reached skill level 5 in Unarmed Combat
  6278 | D:8      | Reached skill level 5 in Evocations
  6343 | D:8      | Found Wousmabb's Jewellery Shop.
  6343 | D:8      | Found Icuyjid's Distillery.
  6350 | D:8      | Found Epec's Book Shop.
  7315 | D:9      | Found a shimmering blue altar of Sif Muna.
  7442 | D:9      | Noticed a two-headed ogre
  7452 | D:9      | Killed a two-headed ogre
  7823 | D:9      | Found a hazy altar of Hepliaklqana.
  7823 | D:9      | Found a radiant altar of Vehumet.
  7831 | D:9      | Found a white marble altar of Elyvilon.
  7833 | D:9      | Found an opulent altar of Gozag.
  7835 | D:9      | Found a stormy altar of Qazlal.
  8270 | D:10     | Entered Level 10 of the Dungeon
  8618 | D:10     | Reached XP level 11. HP: 69/81 MP: 10/22
  8622 | D:10     | Reached ****** piety under Uskayaw
  8753 | D:10     | Reached skill level 5 in Conjurations
  8753 | D:10     | Reached skill level 5 in Hexes
  8753 | D:10     | Reached skill level 5 in Summonings
  8753 | D:10     | Reached skill level 5 in Necromancy
  8753 | D:10     | Reached skill level 5 in Translocations
  8753 | D:10     | Reached skill level 5 in Transmutations
  8753 | D:10     | Reached skill level 5 in Fire Magic
  8753 | D:10     | Reached skill level 5 in Air Magic
  8753 | D:10     | Reached skill level 5 in Earth Magic
  8753 | D:10     | Reached skill level 5 in Poison Magic
  8754 | D:10     | Noticed a deep elf pyromancer
  8759 | D:10     | Killed a deep elf pyromancer
  8902 | D:10     | Found a shimmering altar of Xom.
  8943 | D:10     | Found a bloodstained altar of Trog.
  9020 | D:10     | Found a staircase to the Lair.
  9462 | D:11     | Noticed a two-headed ogre
  9476 | D:11     | Killed a two-headed ogre
  9835 | D:11     | Found a runed translucent gate.
  9835 | D:11     | Found a staircase to the Orcish Mines.
  9837 | D:11     | Found a runed translucent gate.
  9837 | D:11     | Found a runed translucent gate.
  9837 | D:11     | Noticed MajorAdolf's ghost (journeyman NaWn)
  9846 | D:11     | Found a viscous altar of Jiyva.
  9869 | D:11     | Killed MajorAdolf's ghost
 10444 | D:12     | Noticed a two-headed ogre
 10453 | D:12     | Noticed Vazeyti's ghost (journeyman TrMo)
 10456 | D:12     | Found a transporter.
 10458 | D:12     | Found a transporter.
 10458 | D:12     | Noticed a deep elf pyromancer
 10464 | D:12     | Reached XP level 12. HP: 89/89 MP: 9/24
 10836 | D:12     | Noticed a two-headed ogre
 10844 | D:12     | Killed a two-headed ogre
 10930 | D:12     | Noticed a two-headed ogre
 10939 | D:12     | Killed a two-headed ogre
 11216 | D:12     | Noticed a shock serpent
 11472 | D:12     | Noticed an ettin
 11508 | D:13     | Noticed a two-headed ogre
 11518 | D:13     | Killed a two-headed ogre
 11539 | D:13     | Noticed a six-headed hydra
 11557 | D:13     | Killed a six-headed hydra
 11593 | D:13     | Found a frozen archway.
 11681 | IceCv    | Entered an ice cave
 11698 | IceCv    | Slain by a death yak simulacrum

Illustrated notes

Levels and vault maps discovered:
D:1:      tarquinn_simple_flora_water_f, layout_loops_ring,
          shapermc_ecumenical_altar_mp_highgroup
D:2:      minmay_door_path, layout_basic, serial_shops, shop
D:3:      layout_rooms, serial_corexii_hall, chequers_hall_statues_y,
          corexii_hall_statues_x, serial_bayou_lagoon_a
D:4:      minmay_octagon_keep, layout_basic, uniq_robin
D:5:      layout_basic, fedhas_altar_fruit_tree, serial_shops, shop,
          uniq_prince_ribbit1
D:6:      layout_cave_pools, serial_column_ruins, column_ruins_hut_ruined,
          column_ruins_square_huge, column_ruins_corridor_straight,
          column_ruins_columns_plus, column_ruins_open_small,
          column_ruins_columns_dead_end, guppyfry_early_elven_hall, uniq_maggie,
          uniq_grinder
D:7:      layout_basic, temple_hall
D:8:      layout_loops_cross, minmay_misc_feat_cross, minmay_shop_grid_forest
D:9:      layout_gridville, mainiacjoe_overflow_small_starburst,
          chequers_temple_overflow_minitemple
D:10:     layout_rooms, mainiacjoe_overflow_paths, lemuel_tele_altar,
          erik_lair_orcish_takeover, grunt_ministairs_8, centaur_isle
D:11:     layout_loops_ring, david_orc_3, gammafunk_ghost_ooze
D:12:     layout_loops_ring, nzn_ghost_randoct
D:13:     minmay_clustersquares, layout_stronghold, erik_vaults_1,
          portal_ice_cave_entry_imps
Temple:   dshaligram_water_room_temple
IceCv:    ice_cave_small_necro

Skill      XL: |  1  2  3  4  5  6  7  8  9 10 11 12 |
---------------+-------------------------------------+-----
Spellcasting   | 5 6 7 8 9 |  9.1
Invocations    | 1 2 3 4 5 6 7 8 |  8.3
Fighting       | 1 2 4 5 6 7 |  7.6
Short Blades   | 1 2 4 5 6 7 |  7.6
Long Blades    | 1 2 4 5 6 7 |  7.6
Axes           | 1 2 4 5 6 7 |  7.6
Maces & Flails | 1 2 4 5 6 7 |  7.6
Polearms       | 1 2 4 5 6 7 |  7.6
Staves         | 1 2 4 5 6 7 |  7.6
Slings         | 1 2 4 5 6 7 |  7.6
Bows           | 1 2 4 5 6 7 |  7.6
Crossbows      | 1 2 4 5 6 7 |  7.6
Throwing       | 1 2 4 5 6 7 |  7.6
Armour         | 1 2 4 5 6 7 |  7.6
Shields        | 1 2 4 5 6 7 |  7.6
Unarmed Combat | 1 2 4 5 6 7 |  7.6
Evocations     | 1 2 4 5 6 7 |  7.6
Conjurations   | 1 2 3 4 5 6 |  6.3
Hexes          | 1 2 3 4 5 6 |  6.3
Summonings     | 1 2 3 4 5 6 |  6.3
Necromancy     | 1 2 3 4 5 6 |  6.3
Translocations | 1 2 3 4 5 6 |  6.3
Transmutations | 1 2 3 4 5 6 |  6.3
Fire Magic     | 1 2 3 4 5 6 |  6.3
Air Magic      | 1 2 3 4 5 6 |  6.3
Earth Magic    | 1 2 3 4 5 6 |  6.3
Poison Magic   | 1 2 3 4 5 6 |  6.3
Dodging        | 5 6 7 8 |  8.9
Stealth        | 5 6 7 8 |  8.7
Ice Magic      | 8 9 |  9.5

Action                   |  1- 3 |  4- 6 |  7- 9 | 10-12 || total
-------------------------+-------+-------+-------+-------++-------
Melee: Dagger            |     4 |   102 |    45 |   189 ||   340
       Spear             |    65 |   137 |       |       ||   202
       Bite              |     4 |    15 |    36 |    67 ||   122
       Punch             |       |       |    11 |    13 ||    24
       Staff             |       |       |   215 |   243 ||   458
 Cast: Freeze            |     8 |     9 |    42 |    30 ||    89
       Frozen Ramparts   |       |     6 |    22 |    48 ||    76
       Ozocubu's Armour  |       |     2 |    14 |    33 ||    49
       Hailstorm         |       |       |     1 |    27 ||    28
Evoke: Wand              |       |       |     2 |    12 ||    14
  Use: Scroll            |       |       |     4 |     8 ||    12
       Potion            |       |       |       |     2 ||     2
 Stab: Sleeping          |    12 |     8 |     3 |     3 ||    26
       Paralysed         |       |       |     1 |    28 ||    29
Armor: Robe              |    17 |   105 |    11 |       ||   133
       Leather armour    |       |       |    92 |   231 ||   323
Dodge: Dodged            |    43 |   182 |   228 |   363 ||   816
